Flames vs Kings

Created - Monday, December 22, 2014 at 22:29

Goals
1 2 3 T
Flames 0 1 0 1
Kings 1 1 0 2
Shots
1 2 3 T
Flames 12 8 8 28
Kings 14 14 5 33

1st period

1. Kings , Keith Yandle 8 (Ryan Johansen, Ladislav Smid) at 10:01 (PP)

Penalties :
Tyler Seguin (LA ) for Hooking (Minor) at 0:31, Adam McQuaid (LA ) for High sticking (Minor) at 3:29, Ryan Johansen (LA ) for Holding (Minor) at 5:00, TJ Brodie (Cal) for Holding (Minor) at 9:37, Charlie Coyle (Cal) for Hooking (Minor) at 17:23

2nd period

2. Kings , Tyler Seguin 12 (Ladislav Smid) at 1:42 (PP)
3. Flames , Dougie Hamilton 6 (Aleksander Barkov, Casey Cizikas) at 17:13

Penalties :
Justin Faulk (Cal) for Hooking (Minor) at 0:03

3rd period

No Goal

Penalties :
Jacob Trouba (Cal) for Tripping (Minor) at 0:50, TJ Brodie (Cal) for Tripping (Minor) at 13:07

Goalie Stats

Mike Smith (Cal), 31 saves from 33 shots - (0.939), L, 12-11-7, 60:00 minutes
Tuukka Rask (LA ), 27 saves from 28 shots - (0.964), W, 19-10-1, 60:00 minutes

Players Stats for Flames

Player Name              G  A  P  +/- PIM S  H  SB GA TA FO     MP     PP MP  PK MP  
------------------------------------------------------------------------------------
Aleksander Barkov        0  1  1   1  0   2  0  0  1  0  6/9     8:34   0:00   0:00 
Andrew Cogliano          0  0  0   0  0   2  1  0  0  0  0/0    17:09   2:45   0:00 
Brian Campbell           0  0  0   0  0   4  1  1  2  1  0/0    24:10   3:39   1:21 
Casey Cizikas            0  1  1   1  0   0  1  2  2  0  0/0    12:54   0:00   4:00 
Charlie Coyle            0  0  0   0  2   0  2  0  2  0  1/1    15:06   2:44   0:00 
Chris Phillips           0  0  0   1  0   3  1  2  0  0  0/0    18:16   0:00   5:45 
Dougie Hamilton          1  0  1   1  0   1  2  0  0  0  0/0    14:53   1:50   0:00 
Jacob Trouba             0  0  0   0  2   2  3  0  1  4  0/0    21:43   1:50   3:17 
Jason Pominville         0  0  0   0  0   1  2  0  3  0  0/0    17:09   2:45   0:00 
Jason Spezza             0  0  0   0  0   3  1  0  1  0  12/16  17:09   2:45   0:00 
Jordan Staal             0  0  0   0  0   0  1  0  2  0  7/10   14:48   2:44   0:00 
Justin Faulk             0  0  0   0  2   2  1  2  0  0  0/0    24:02   3:39   3:02 
Manny Malhotra           0  0  0   1  0   0  2  0  0  1  2/2    13:00   0:00   4:00 
Matt Cooke               0  0  0   0  0   0  1  1  0  0  1/1    10:42   0:00   0:00 
Michael Frolik           0  0  0   0  0   5  2  1  2  0  0/1    14:48   2:44   0:00 
Mikael Backlund          0  0  0   0  0   2  0  0  3  0  6/7    15:02   0:00   4:00 
Nick Spaling             0  0  0   0  0   1  0  0  1  0  0/0    15:08   0:00   4:00 
TJ Brodie                0  0  0   0  4   0  0  1  2  3  0/0    17:17   0:00   2:35 

Players Stats for Kings

Player Name              G  A  P  +/- PIM S  H  SB GA TA FO     MP     PP MP  PK MP  
------------------------------------------------------------------------------------
Adam McQuaid             0  0  0  -1  2   1  0  2  0  0  0/0    15:24   0:00   1:30 
Brenden Morrow           0  0  0  -1  0   1  1  0  0  0  0/0    14:53   0:22   0:00 
Cam Fowler               0  0  0   0  0   4  1  0  0  1  0/0    18:46   4:39   0:00 
Carl Soderberg           0  0  0   0  0   1  0  0  2  0  1/1    21:22   4:11   2:09 
Duncan Keith             0  0  0   0  0   4  2  4  0  4  0/0    26:49   4:39   4:02 
Henrik Tallinder         0  0  0   0  0   1  0  1  0  1  0/0     5:36   0:00   0:46 
John Erskine             0  0  0  -1  0   1  2  2  0  2  0/0    12:35   0:00   0:00 
Keith Yandle             1  0  1   0  0   5  0  0  1  1  0/0    21:15   3:21   3:27 
Ladislav Smid            0  2  2   0  0   2  2  1  0  2  0/0    19:46   3:21   1:27 
Matt Cullen              0  0  0   0  0   2  0  0  2  1  0/0    14:57   0:00   0:00 
Mika Zibanejad           0  0  0   0  0   3  2  0  0  0  1/1    17:57   3:27   0:00 
Milan Lucic              0  0  0   0  0   2  4  0  1  0  1/2    21:36   3:49   2:09 
Ryan Johansen            0  1  1   0  2   1  1  0  7  2  3/15   20:52   4:11   2:15 
Ryan Malone              0  0  0   0  0   2  2  0  2  0  1/6    13:34   0:00   1:29 
Tomas Kopecky            0  0  0   0  0   0  0  0  0  1  0/1    16:35   4:11   0:00 
Tyler Seguin             1  0  1  -1  2   3  3  0  4  0  4/16   22:30   3:49   2:13 
Vincent Trocheck         0  0  0   0  0   0  0  0  0  0  0/1     1:36   0:00   0:00 
Vladislav Namestnikov    0  0  0  -1  0   0  0  0  0  0  1/4     7:52   0:00   0:00 

3 Stars

1 - Tuukka Rask (LA )
2 - Dougie Hamilton (Cal)
3 - Ladislav Smid (LA )

Power Play

Flames - 0 on 3 Attempt(s) - 0.00%
Kings - 2 on 5 Attempt(s) - 40.00%

Penalty Kill

Flames - 3 on 5 Attempt(s) - 60.00% - Score 0 goal in Penalty Kill
Kings - 3 on 3 Attempt(s) - 100.00% - Score 0 goal in Penalty Kill

Official

Referees : Unknown
Linesman : Unknown

Game Notes

Vincent Trocheck is injured at 8:12 of 1st period (Right Forearm)

Finance

Level 1 -- Attendance: 4427 (73.78%) -- Ticket Income $398,430
Level 2 -- Attendance: 3761 (75.22%) -- Ticket Income $214,377
Level 3 -- Attendance: 1948 (97.40%) -- Ticket Income $62,336
Level 4 -- Attendance: 4000 (100.00%) -- Ticket Income $72,000
Luxury Box -- Attendance: 796 (79.60%) -- Ticket Income $151,240
Game was played at the Staples Center
Total Attendance: 14932 (82.96%)
Total Ticket Income: $898,383
Other Income: $440,208
Total Income: $1,338,591

Flames

5 vs 5 Forward 
   Center                   Left Wing                Right Wing               Time % Phy DF OF 
 1 Jason Spezza             Andrew Cogliano          Jason Pominville         30     1   2  2  
 2 Jordan Staal             Michael Frolik           Charlie Coyle            25     1   2  2  
 3 Mikael Backlund          Nick Spaling             Matt Cooke               25     1   2  2  
 4 Aleksander Barkov        Manny Malhotra           Casey Cizikas            20     1   2  2  

5 vs 5 Defense 
   Defense                  Defense                                           Time % Phy DF OF 
 1 Brian Campbell           Justin Faulk                                      36     1   2  2  
 2 TJ Brodie                Jacob Trouba                                      30     1   2  2  
 3 Chris Phillips           Dougie Hamilton                                   24     1   2  2  
 4 Brian Campbell           Jacob Trouba                                      10     1   2  2  

PowerPlay Forward 
   Center                   Left Wing                Right Wing               Time % Phy DF OF 
 1 Jason Spezza             Andrew Cogliano          Jason Pominville         50     0   0  5  
 2 Jordan Staal             Michael Frolik           Charlie Coyle            50     0   0  5  

PowerPlay Defense
   Defense                  Defense                                           Time % Phy DF OF 
 1 Brian Campbell           Justin Faulk                                      50     0   0  5  
 2 Jacob Trouba             Dougie Hamilton                                   50     0   0  5  

Penalty Kill 4 Players Forward 
   Center                   Wing                     Time % Phy DF OF 
 1 Manny Malhotra           Nick Spaling             50     1   4  0  
 2 Mikael Backlund          Casey Cizikas            50     1   4  0  

Penalty Kill 4 Players Defense
   Defense                  Defense                  Time % Phy DF OF 
 1 Chris Phillips           Justin Faulk             50     0   5  0  
 2 TJ Brodie                Jacob Trouba             50     1   4  0  

Penalty Kill - 3 Players Forward 
   Forward                                           Time % Phy DF OF 
 1 Manny Malhotra                                    50     0   5  0  
 2 Mikael Backlund                                   50     0   5  0  

Penalty Kill - 3 Players Defense
   Defense                  Defense                  Time % Phy DF OF 
 1 Chris Phillips           Justin Faulk             50     0   5  0  
 2 TJ Brodie                Jacob Trouba             50     0   5  0  

4 vs 4 Forward 
   Center                   Wing                     Time % Phy DF OF 
 1 Jordan Staal             Jason Pominville         50     1   2  2  
 2 Jason Spezza             Andrew Cogliano          50     1   2  2  

4 vs 4 Defense
   Defense                  Defense                  Time % Phy DF OF 
 1 Brian Campbell           Justin Faulk             50     1   2  2  
 2 TJ Brodie                Jacob Trouba             50     1   2  2  

Last Minutes Offensive
   Center                   Left Wing                Right Wing               Defense                  Defense                  
   Jason Spezza             Andrew Cogliano          Jason Pominville         Brian Campbell           Justin Faulk             

Last Minutes Defensive
   Center                   Left Wing                Right Wing               Defense                  Defense                  
   Jordan Staal             Andrew Cogliano          Michael Frolik           Chris Phillips           Jacob Trouba             

Goaltenders
Starting : Mike Smith               
Backup : Chad Johnson             

Extra Forwards
Normal : Mikael Backlund, Matt Cooke, Charlie Coyle - PP : Mikael Backlund, Matt Cooke - PK : Charlie Coyle
Extra Defensemen
Normal : Dougie Hamilton, Chris Phillips, TJ Brodie - PP : Dougie Hamilton - PK : Chris Phillips, TJ Brodie
Penalty Shots
Jordan Staal, Jason Pominville, Jason Spezza, Andrew Cogliano, Michael Frolik

Kings

5 vs 5 Forward 
   Center                   Left Wing                Right Wing               Time % Phy DF OF 
 1 Tyler Seguin             Milan Lucic              Mika Zibanejad           35     1   2  2  
 2 Ryan Johansen            Tomas Kopecky            Carl Soderberg           30     1   2  2  
 3 Vincent Trocheck         Brenden Morrow           Matt Cullen              22     1   2  2  
 4 Vladislav Namestnikov    Ryan Malone              Carl Soderberg           13     1   2  2  

5 vs 5 Defense 
   Defense                  Defense                                           Time % Phy DF OF 
 1 Duncan Keith             Cam Fowler                                        35     1   2  2  
 2 Keith Yandle             Ladislav Smid                                     30     1   2  2  
 3 John Erskine             Adam McQuaid                                      22     1   2  2  
 4 Duncan Keith             Henrik Tallinder                                  13     1   2  2  

PowerPlay Forward 
   Center                   Left Wing                Right Wing               Time % Phy DF OF 
 1 Tyler Seguin             Milan Lucic              Mika Zibanejad           60     1   2  2  
 2 Ryan Johansen            Tomas Kopecky            Carl Soderberg           40     1   2  2  

PowerPlay Defense
   Defense                  Defense                                           Time % Phy DF OF 
 1 Duncan Keith             Cam Fowler                                        60     1   2  2  
 2 Keith Yandle             Ladislav Smid                                     40     1   2  2  

Penalty Kill 4 Players Forward 
   Center                   Wing                     Time % Phy DF OF 
 1 Tyler Seguin             Ryan Johansen            60     1   2  2  
 2 Milan Lucic              Carl Soderberg           40     1   2  2  

Penalty Kill 4 Players Defense
   Defense                  Defense                  Time % Phy DF OF 
 1 Duncan Keith             Adam McQuaid             60     1   2  2  
 2 Keith Yandle             Ladislav Smid            40     1   2  2  

Penalty Kill - 3 Players Forward 
   Forward                                           Time % Phy DF OF 
 1 Tyler Seguin                                      60     1   2  2  
 2 Ryan Johansen                                     40     1   2  2  

Penalty Kill - 3 Players Defense
   Defense                  Defense                  Time % Phy DF OF 
 1 Duncan Keith             Adam McQuaid             60     1   2  2  
 2 Keith Yandle             Ladislav Smid            40     1   2  2  

4 vs 4 Forward 
   Center                   Wing                     Time % Phy DF OF 
 1 Tyler Seguin             Ryan Johansen            60     1   2  2  
 2 Milan Lucic              Mika Zibanejad           40     1   2  2  

4 vs 4 Defense
   Defense                  Defense                  Time % Phy DF OF 
 1 Duncan Keith             Cam Fowler               60     1   2  2  
 2 Keith Yandle             Ladislav Smid            40     1   2  2  

Last Minutes Offensive
   Center                   Left Wing                Right Wing               Defense                  Defense                  
   Tyler Seguin             Milan Lucic              Mika Zibanejad           Duncan Keith             Cam Fowler               

Last Minutes Defensive
   Center                   Left Wing                Right Wing               Defense                  Defense                  
   Tyler Seguin             Milan Lucic              Mika Zibanejad           Duncan Keith             Cam Fowler               

Goaltenders
Starting : Tuukka Rask              
Backup : Jonas Gustavsson         

Extra Forwards
Normal : Tyler Seguin, Brenden Morrow, Ryan Malone - PP : Tyler Seguin, Brenden Morrow - PK : Ryan Malone
Extra Defensemen
Normal : Duncan Keith, Adam McQuaid, Keith Yandle - PP : Duncan Keith - PK : Adam McQuaid, Keith Yandle
Penalty Shots
Tyler Seguin, Ryan Johansen, Milan Lucic, Mika Zibanejad, Tomas Kopecky

% Time on Ice - Flames

Lines # - Real PCT - Wanted PCT - Time Play
Normal Forward
1 - 31% - 30% - 14:07
2 - 27% - 25% - 12:24
3 - 23% - 25% - 10:42
4 - 19% - 20% - 8:35
Normal Defense
1 - 36% - 36% - 16:39
2 - 34% - 30% - 15:23
3 - 27% - 24% - 12:32
4 - 3% - 10% - 1:14
PP Forward
1 - 50% - 50% - 2:45
2 - 50% - 50% - 2:44
PP Defense
1 - 67% - 50% - 3:39
2 - 33% - 50% - 1:50
PK Forward
1 - 50% - 50% - 4:00
2 - 50% - 50% - 4:00
PK Defense
1 - 51% - 50% - 4:06
2 - 49% - 50% - 3:54
PK3 Forward
1 - 0% - 50%
2 - 0% - 50%
PK3 Defense
1 - 0% - 50%
2 - 0% - 50%
44 Forward
1 - 0% - 50%
2 - 0% - 50%
44 Defense
1 - 0% - 50%
2 - 0% - 50%
Last Minute Offensive  - 0:43
Last Minute Defensive  - 0:00
Total
Forward - 60:00
Defense - 60:00

% Time on Ice - Kings

Lines # - Real PCT - Wanted PCT - Time Play
Normal Forward
1 - 30% - 35% - 13:40
2 - 23% - 30% - 10:20
3 - 37% - 22% - 16:41
4 - 11% - 13% - 5:01
Normal Defense
1 - 29% - 35% - 13:19
2 - 33% - 30% - 14:58
3 - 28% - 22% - 12:35
4 - 11% - 13% - 4:50
PP Forward
1 - 48% - 60% - 3:49
2 - 52% - 40% - 4:11
PP Defense
1 - 58% - 60% - 4:39
2 - 42% - 40% - 3:21
PK Forward
1 - 57% - 60% - 2:52
2 - 43% - 40% - 2:09
PK Defense
1 - 71% - 60% - 3:34
2 - 29% - 40% - 1:27
PK3 Forward
1 - 100% - 60% - 0:28
2 - 0% - 40% - 0:00
PK3 Defense
1 - 100% - 60% - 0:28
2 - 0% - 40% - 0:00
44 Forward
1 - 0% - 60%
2 - 0% - 40%
44 Defense
1 - 0% - 60%
2 - 0% - 40%
Last Minute Offensive  - 0:00
Last Minute Defensive  - 0:49
Total
Forward - 60:00
Defense - 60:00

Play by Play

1st period


0:01 of 1st period - Tyler Seguin wins face-off versus Jason Spezza in neutral zone.
0:04 of 1st period - Justin Faulk is hit by Tyler Seguin and loses puck.
0:17 of 1st period - Wrist shot by Tyler Seguin.
0:17 of 1st period - Stopped by Mike Smith with a rebound.
0:19 of 1st period - Slapshot by Cam Fowler.
0:19 of 1st period - Deflect By Jason Pominville.
0:19 of 1st period - Stopped by Mike Smith without a rebound.
0:20 of 1st period - Jason Spezza wins face-off versus Tyler Seguin in Flames zone.
0:20 of 1st period - Jason Spezza is hit by Milan Lucic.
0:31 of 1st period - Minor Penalty to Tyler Seguin for Hooking.
0:32 of 1st period - Jordan Staal wins face-off versus Ryan Malone in Kings zone.
0:32 of 1st period - Snap shot by Michael Frolik.
0:32 of 1st period - Shot Misses the Net.
0:58 of 1st period - Slapshot by Brian Campbell.
0:58 of 1st period - Shot Blocked by Adam McQuaid.
2:31 of 1st period - Penalty to Tyler Seguin is over, Tyler Seguin is back on ice.
3:01 of 1st period - Matt Cooke is hit by Ladislav Smid and loses puck.
3:08 of 1st period - Slapshot by Jacob Trouba.
3:08 of 1st period - Stopped by Tuukka Rask with a rebound.
3:10 of 1st period - Wrist shot by Chris Phillips.
3:10 of 1st period - Stopped by Tuukka Rask without a rebound.
3:11 of 1st period - Mika Zibanejad wins face-off versus Aleksander Barkov in Kings zone.
3:24 of 1st period - Wrist shot by Milan Lucic.
3:24 of 1st period - Shot Blocked by Casey Cizikas.
3:29 of 1st period - Minor Penalty to Adam McQuaid for High sticking.
3:30 of 1st period - Jordan Staal wins face-off versus Tyler Seguin in Kings zone.
3:34 of 1st period - Snap shot by Michael Frolik.
3:34 of 1st period - Shot Misses the Net.
4:09 of 1st period - Snap shot by Carl Soderberg.
4:09 of 1st period - Shot Misses the Net.
4:11 of 1st period - Wrist shot by Duncan Keith.
4:11 of 1st period - Stopped by Mike Smith with a rebound.
4:13 of 1st period - Snap shot by Duncan Keith.
4:13 of 1st period - Shot Blocked by Michael Frolik.
4:15 of 1st period - Slapshot by Henrik Tallinder.
4:15 of 1st period - Stopped by Mike Smith without a rebound.
4:16 of 1st period - Jason Spezza wins face-off versus Tyler Seguin in Flames zone.
4:25 of 1st period - Snap shot by Andrew Cogliano.
4:25 of 1st period - Stopped by Tuukka Rask without a rebound.
4:26 of 1st period - Jason Spezza wins face-off versus Tyler Seguin in Kings zone.
4:47 of 1st period - Slapshot by Brian Campbell.
4:47 of 1st period - Shot Misses the Net.
4:49 of 1st period - Snap shot by Brian Campbell.
4:49 of 1st period - Stopped by Tuukka Rask with a rebound.
4:51 of 1st period - Backhand shot by Jason Spezza.
4:51 of 1st period - Stopped by Tuukka Rask with a rebound.
4:53 of 1st period - Snap shot by Justin Faulk.
4:53 of 1st period - Shot Misses the Net.
4:55 of 1st period - Wrist shot by Justin Faulk.
4:55 of 1st period - Shot Misses the Net.
5:00 of 1st period - Minor Penalty to Ryan Johansen for Holding.
5:01 of 1st period - Jordan Staal wins face-off versus Tyler Seguin in Kings zone.
5:29 of 1st period - Penalty to Adam McQuaid is over, Adam McQuaid is back on ice.
5:49 of 1st period - Keith Yandle is hit by Jacob Trouba and loses puck.
6:06 of 1st period - Slapshot by Brian Campbell.
6:06 of 1st period - Shot Blocked by Duncan Keith.
7:00 of 1st period - Penalty to Ryan Johansen is over, Ryan Johansen is back on ice.
7:30 of 1st period - Snap shot by Jacob Trouba.
7:30 of 1st period - Deflect By Mikael Backlund.
7:30 of 1st period - Shot Hit the Post.
7:30 of 1st period - Puck is out of play.
7:31 of 1st period - Aleksander Barkov wins face-off versus Vincent Trocheck in Kings zone.
7:43 of 1st period - Slapshot by John Erskine.
7:43 of 1st period - Stopped by Mike Smith with a rebound.
8:11 of 1st period - Vincent Trocheck is hit by Manny Malhotra and loses puck.
8:12 of 1st period - Vincent Trocheck from Kings is injured at 8:12 of 1st period (Right Forearm).
8:13 of 1st period - Jason Spezza wins face-off versus Ryan Johansen in Kings zone.
8:14 of 1st period - Snap shot by Jason Pominville.
8:14 of 1st period - Shot Misses the Net.
8:16 of 1st period - Snap shot by Andrew Cogliano.
8:16 of 1st period - Deflect By Duncan Keith.
8:16 of 1st period - Stopped by Tuukka Rask with a rebound.
8:18 of 1st period - Wrist shot by Andrew Cogliano.
8:18 of 1st period - Shot Misses the Net.
8:20 of 1st period - Slapshot by Justin Faulk.
8:20 of 1st period - Deflect By Cam Fowler.
8:20 of 1st period - Stopped by Tuukka Rask with a rebound.
8:22 of 1st period - Slapshot by Justin Faulk.
8:22 of 1st period - Deflect By Cam Fowler.
8:22 of 1st period - Stopped by Tuukka Rask with a rebound.
8:24 of 1st period - Snap shot by Andrew Cogliano.
8:24 of 1st period - Deflect By Jason Pominville.
8:24 of 1st period - Stopped by Tuukka Rask with a rebound.
9:12 of 1st period - TJ Brodie is hit by Milan Lucic and loses puck.
9:37 of 1st period - Minor Penalty to TJ Brodie for Holding.
9:38 of 1st period - Manny Malhotra wins face-off versus Ryan Johansen in Flames zone.
10:01 of 1st period - Slapshot by Keith Yandle.
10:01 of 1st period - Goal by Keith Yandle - Flames : 0 - Kings : 1.
10:02 of 1st period - Jason Spezza wins face-off versus Tyler Seguin in neutral zone.
10:05 of 1st period - Snap shot by Justin Faulk.
10:05 of 1st period - Shot Blocked by Duncan Keith.
10:17 of 1st period - Slapshot by Mika Zibanejad.
10:17 of 1st period - Stopped by Mike Smith with a rebound.
10:19 of 1st period - Slapshot by Duncan Keith.
10:19 of 1st period - Stopped by Mike Smith without a rebound.
10:20 of 1st period - Jason Spezza wins face-off versus Tyler Seguin in Flames zone.
11:09 of 1st period - Brian Campbell is hit by Duncan Keith and loses puck.
11:14 of 1st period - Slapshot by Ryan Johansen.
11:14 of 1st period - Shot Misses the Net.
11:22 of 1st period - Ladislav Smid is hit by Matt Cooke and loses puck.
11:57 of 1st period - Snap shot by Charlie Coyle.
11:57 of 1st period - Shot Misses the Net.
12:32 of 1st period - Snap shot by Ryan Malone.
12:32 of 1st period - Shot Misses the Net.
12:34 of 1st period - Wrist shot by John Erskine.
12:34 of 1st period - Shot Misses the Net.
12:59 of 1st period - Snap shot by Matt Cullen.
12:59 of 1st period - Stopped by Mike Smith without a rebound.
13:00 of 1st period - Ryan Malone wins face-off versus Jason Spezza in Flames zone.
13:08 of 1st period - Off-side.
13:09 of 1st period - Jason Spezza wins face-off versus Tyler Seguin in neutral zone.
13:18 of 1st period - Wrist shot by Jason Spezza.
13:18 of 1st period - Stopped by Tuukka Rask without a rebound.
13:19 of 1st period - Milan Lucic wins face-off versus Jason Spezza in Kings zone.
13:25 of 1st period - Off-side.
13:26 of 1st period - Charlie Coyle wins face-off versus Ryan Johansen in neutral zone.
13:45 of 1st period - Slapshot by Michael Frolik.
13:45 of 1st period - Stopped by Tuukka Rask without a rebound.
13:46 of 1st period - Ryan Johansen wins face-off versus Jordan Staal in Kings zone.
13:52 of 1st period - Cam Fowler is hit by Brian Campbell and loses puck.
14:53 of 1st period - Dougie Hamilton is hit by Mika Zibanejad and loses puck.
15:07 of 1st period - Icing by Brenden Morrow.
15:08 of 1st period - Jason Spezza wins face-off versus Ryan Malone in Kings zone.
15:35 of 1st period - Off-side.
15:36 of 1st period - Aleksander Barkov wins face-off versus Ryan Johansen in neutral zone.
15:41 of 1st period - Backhand shot by Brian Campbell.
15:41 of 1st period - Shot Misses the Net.
15:43 of 1st period - Backhand shot by Manny Malhotra.
15:43 of 1st period - Shot Misses the Net.
15:45 of 1st period - Snap shot by Brian Campbell.
15:45 of 1st period - Deflect By Manny Malhotra.
15:45 of 1st period - Shot Blocked by John Erskine.
15:45 of 1st period - Puck is out of play.
15:46 of 1st period - Aleksander Barkov wins face-off versus Ryan Johansen in Kings zone.
15:57 of 1st period - Slapshot by Brian Campbell.
15:57 of 1st period - Stopped by Tuukka Rask without a rebound.
15:58 of 1st period - Jason Spezza wins face-off versus Tyler Seguin in Kings zone.
16:32 of 1st period - Snap shot by Tyler Seguin.
16:32 of 1st period - Shot Blocked by Brian Campbell.
16:55 of 1st period - Tomas Kopecky is hit by Jacob Trouba.
17:05 of 1st period - Wrist shot by Ryan Johansen.
17:05 of 1st period - Shot Misses the Net.
17:07 of 1st period - Slapshot by Adam McQuaid.
17:07 of 1st period - Stopped by Mike Smith with a rebound.
17:09 of 1st period - Snap shot by Ryan Johansen.
17:09 of 1st period - Shot Misses the Net.
17:11 of 1st period - Slapshot by John Erskine.
17:11 of 1st period - Deflect By Carl Soderberg.
17:11 of 1st period - Shot Misses the Net.
17:11 of 1st period - Puck is out of play.
17:12 of 1st period - Tyler Seguin wins face-off versus Jordan Staal in Flames zone.
17:21 of 1st period - Snap shot by Tyler Seguin.
17:21 of 1st period - Stopped by Mike Smith with a rebound.
17:23 of 1st period - Minor Penalty to Charlie Coyle for Hooking.
17:24 of 1st period - Ryan Johansen wins face-off versus Mikael Backlund in Flames zone.
18:00 of 1st period - Slapshot by Duncan Keith.
18:00 of 1st period - Deflect By Justin Faulk.
18:00 of 1st period - Stopped by Mike Smith with a rebound.
18:20 of 1st period - Chris Phillips is hit by Milan Lucic and loses puck.
19:03 of 1st period - Backhand shot by Cam Fowler.
19:03 of 1st period - Stopped by Mike Smith without a rebound.
19:04 of 1st period - Mikael Backlund wins face-off versus Ryan Johansen in Flames zone.
19:23 of 1st period - Penalty to Charlie Coyle is over, Charlie Coyle is back on ice.
19:48 of 1st period - TJ Brodie is hit by Brenden Morrow and loses puck.
19:53 of 1st period - Slapshot by Keith Yandle.
19:53 of 1st period - Deflect By Jason Pominville.
19:53 of 1st period - Stopped by Mike Smith with a rebound.
19:55 of 1st period - Slapshot by Ladislav Smid.
19:55 of 1st period - Shot Misses the Net.
Goals for this period are 0 for Flames vs 1 for Kings.
Shots for this period are 12 for Flames vs 14 for Kings.

2nd period


0:01 of 2nd period - Mikael Backlund wins face-off versus Tomas Kopecky in neutral zone.
0:03 of 2nd period - Minor Penalty to Justin Faulk for Hooking.
0:04 of 2nd period - Mikael Backlund wins face-off versus Tyler Seguin in Flames zone.
0:24 of 2nd period - Wrist shot by Milan Lucic.
0:24 of 2nd period - Stopped by Mike Smith with a rebound.
0:26 of 2nd period - Snap shot by Mika Zibanejad.
0:26 of 2nd period - Stopped by Mike Smith with a rebound.
0:28 of 2nd period - Slapshot by Mika Zibanejad.
0:28 of 2nd period - Shot Misses the Net.
0:30 of 2nd period - Slapshot by Cam Fowler.
0:30 of 2nd period - Shot Blocked by TJ Brodie.
0:32 of 2nd period - Slapshot by Cam Fowler.
0:32 of 2nd period - Deflect By Jacob Trouba.
0:32 of 2nd period - Stopped by Mike Smith with a rebound.
0:34 of 2nd period - Slapshot by Duncan Keith.
0:34 of 2nd period - Shot Blocked by Casey Cizikas.
0:36 of 2nd period - Slapshot by Mika Zibanejad.
0:36 of 2nd period - Stopped by Mike Smith with a rebound.
0:38 of 2nd period - Slapshot by Cam Fowler.
0:38 of 2nd period - Stopped by Mike Smith without a rebound.
0:39 of 2nd period - Manny Malhotra wins face-off versus Ryan Johansen in Flames zone.
1:26 of 2nd period - Ladislav Smid is hit by Manny Malhotra and loses puck.
1:33 of 2nd period - Chris Phillips is hit by Milan Lucic and loses puck.
1:42 of 2nd period - Wrist shot by Tyler Seguin.
1:42 of 2nd period - Goal by Tyler Seguin - Flames : 0 - Kings : 2.
1:43 of 2nd period - Jordan Staal wins face-off versus Tyler Seguin in neutral zone.
2:39 of 2nd period - Andrew Cogliano is hit by Ryan Johansen and loses puck.
2:48 of 2nd period - Tomas Kopecky is hit by Andrew Cogliano and loses puck.
3:56 of 2nd period - Slapshot by Jacob Trouba.
3:56 of 2nd period - Deflect By Casey Cizikas.
3:56 of 2nd period - Shot Blocked by Adam McQuaid.
3:56 of 2nd period - Puck is out of play.
3:57 of 2nd period - Aleksander Barkov wins face-off versus Ryan Malone in Kings zone.
4:51 of 2nd period - Snap shot by Jordan Staal.
4:51 of 2nd period - Shot Blocked by Henrik Tallinder.
5:01 of 2nd period - Slapshot by Brian Campbell.
5:01 of 2nd period - Shot Blocked by Duncan Keith.
5:03 of 2nd period - Wrist shot by Michael Frolik.
5:03 of 2nd period - Stopped by Tuukka Rask with a rebound.
5:55 of 2nd period - Snap shot by Ryan Johansen.
5:55 of 2nd period - Shot Blocked by Chris Phillips.
6:16 of 2nd period - Nick Spaling is hit by John Erskine and loses puck.
6:46 of 2nd period - Slapshot by Ladislav Smid.
6:46 of 2nd period - Stopped by Mike Smith with a rebound.
8:16 of 2nd period - Michael Frolik is hit by John Erskine and loses puck.
8:23 of 2nd period - Adam McQuaid is hit by Charlie Coyle and loses puck.
8:56 of 2nd period - Icing by Keith Yandle.
8:57 of 2nd period - Jason Spezza wins face-off versus Vladislav Namestnikov in Kings zone.
10:26 of 2nd period - Snap shot by Michael Frolik.
10:26 of 2nd period - Shot Misses the Net.
10:38 of 2nd period - Wrist shot by Charlie Coyle.
10:38 of 2nd period - Deflect By Michael Frolik.
10:38 of 2nd period - Stopped by Tuukka Rask with a rebound.
12:12 of 2nd period - Wrist shot by Dougie Hamilton.
12:12 of 2nd period - Deflect By Aleksander Barkov.
12:12 of 2nd period - Stopped by Tuukka Rask without a rebound.
12:13 of 2nd period - Tyler Seguin wins face-off versus Aleksander Barkov in Kings zone.
12:18 of 2nd period - Wrist shot by Milan Lucic.
12:18 of 2nd period - Shot Misses the Net.
12:20 of 2nd period - Slapshot by Ladislav Smid.
12:20 of 2nd period - Shot Misses the Net.
12:22 of 2nd period - Slapshot by Keith Yandle.
12:22 of 2nd period - Shot Blocked by Justin Faulk.
12:24 of 2nd period - Slapshot by Keith Yandle.
12:24 of 2nd period - Shot Blocked by Justin Faulk.
12:56 of 2nd period - Snap shot by Ryan Johansen.
12:56 of 2nd period - Stopped by Mike Smith with a rebound.
13:06 of 2nd period - Milan Lucic is hit by Michael Frolik and loses puck.
13:15 of 2nd period - Backhand shot by Jordan Staal.
13:15 of 2nd period - Shot Misses the Net.
14:10 of 2nd period - Cam Fowler is hit by Jason Pominville and loses puck.
14:19 of 2nd period - Dougie Hamilton is hit by Ryan Malone and loses puck.
14:30 of 2nd period - Snap shot by Jason Spezza.
14:30 of 2nd period - Shot Misses the Net.
15:09 of 2nd period - Duncan Keith is hit by Casey Cizikas and loses puck.
15:14 of 2nd period - Snap shot by Brian Campbell.
15:14 of 2nd period - Deflect By Duncan Keith.
15:14 of 2nd period - Stopped by Tuukka Rask without a rebound.
15:15 of 2nd period - Jordan Staal wins face-off versus Milan Lucic in Kings zone.
15:26 of 2nd period - Jordan Staal is hit by Mika Zibanejad and loses puck.
16:38 of 2nd period - Slapshot by Nick Spaling.
16:38 of 2nd period - Stopped by Tuukka Rask with a rebound.
16:40 of 2nd period - Snap shot by Matt Cooke.
16:40 of 2nd period - Shot Blocked by John Erskine.
16:42 of 2nd period - Slapshot by Mikael Backlund.
16:42 of 2nd period - Stopped by Tuukka Rask with a rebound.
16:54 of 2nd period - Adam McQuaid is hit by Jacob Trouba and loses puck.
17:13 of 2nd period - Slapshot by Dougie Hamilton.
17:13 of 2nd period - Goal by Dougie Hamilton - Flames : 1 - Kings : 2.
17:14 of 2nd period - Jason Spezza wins face-off versus Ryan Johansen in neutral zone.
18:32 of 2nd period - Slapshot by Matt Cullen.
18:32 of 2nd period - Stopped by Mike Smith with a rebound.
18:34 of 2nd period - Slapshot by Keith Yandle.
18:34 of 2nd period - Deflect By Jacob Trouba.
18:34 of 2nd period - Stopped by Mike Smith with a rebound.
18:36 of 2nd period - Snap shot by Ryan Malone.
18:36 of 2nd period - Stopped by Mike Smith with a rebound.
18:38 of 2nd period - Snap shot by Ryan Malone.
18:38 of 2nd period - Stopped by Mike Smith with a rebound.
18:40 of 2nd period - Slapshot by Ladislav Smid.
18:40 of 2nd period - Stopped by Mike Smith with a rebound.
18:42 of 2nd period - Slapshot by Ladislav Smid.
18:42 of 2nd period - Shot Misses the Net.
18:56 of 2nd period - Jacob Trouba is hit by Ladislav Smid and loses puck.
19:01 of 2nd period - Slapshot by Keith Yandle.
19:01 of 2nd period - Stopped by Mike Smith with a rebound.
19:03 of 2nd period - Slapshot by Milan Lucic.
19:03 of 2nd period - Deflect By Matt Cullen.
19:03 of 2nd period - Shot Hit the Post.
19:03 of 2nd period - Puck is out of play.
19:04 of 2nd period - Jordan Staal wins face-off versus Ryan Malone in Flames zone.
19:27 of 2nd period - Wrist shot by Michael Frolik.
19:27 of 2nd period - Stopped by Tuukka Rask without a rebound.
19:28 of 2nd period - Jason Spezza wins face-off versus Ryan Johansen in Kings zone.
Goals for this period are 1 for Flames vs 1 for Kings.
Shots for this period are 8 for Flames vs 14 for Kings.

3rd period


0:01 of 3rd period - Ryan Johansen wins face-off versus Jason Spezza in neutral zone.
0:20 of 3rd period - Slapshot by Brian Campbell.
0:20 of 3rd period - Stopped by Tuukka Rask without a rebound.
0:21 of 3rd period - Tyler Seguin wins face-off versus Michael Frolik in Kings zone.
0:43 of 3rd period - Snap shot by Milan Lucic.
0:43 of 3rd period - Shot Misses the Net.
0:50 of 3rd period - Minor Penalty to Jacob Trouba for Tripping.
0:51 of 3rd period - Mikael Backlund wins face-off versus Ryan Johansen in Flames zone.
1:09 of 3rd period - Snap shot by Ryan Johansen.
1:09 of 3rd period - Shot Blocked by Chris Phillips.
1:11 of 3rd period - Snap shot by Duncan Keith.
1:11 of 3rd period - Stopped by Mike Smith with a rebound.
1:44 of 3rd period - Justin Faulk is hit by Tyler Seguin and loses puck.
2:50 of 3rd period - Penalty to Jacob Trouba is over, Jacob Trouba is back on ice.
3:32 of 3rd period - Wrist shot by Matt Cullen.
3:32 of 3rd period - Deflect By Brenden Morrow.
3:32 of 3rd period - Stopped by Mike Smith with a rebound.
3:50 of 3rd period - Brenden Morrow is hit by Jason Spezza and loses puck.
5:06 of 3rd period - Milan Lucic is hit by Chris Phillips and loses puck.
5:21 of 3rd period - Ladislav Smid is hit by Dougie Hamilton.
5:37 of 3rd period - Tomas Kopecky is hit by Dougie Hamilton and loses puck.
6:43 of 3rd period - TJ Brodie is hit by Ryan Malone and loses puck.
7:24 of 3rd period - Slapshot by Aleksander Barkov.
7:24 of 3rd period - Stopped by Tuukka Rask without a rebound.
7:25 of 3rd period - Aleksander Barkov wins face-off versus Vladislav Namestnikov in Kings zone.
8:38 of 3rd period - Snap shot by Charlie Coyle.
8:38 of 3rd period - Shot Misses the Net.
9:21 of 3rd period - Slapshot by Ryan Johansen.
9:21 of 3rd period - Shot Blocked by Matt Cooke.
9:31 of 3rd period - Snap shot by Nick Spaling.
9:31 of 3rd period - Shot Misses the Net.
10:02 of 3rd period - Wrist shot by Chris Phillips.
10:02 of 3rd period - Stopped by Tuukka Rask without a rebound.
10:03 of 3rd period - Aleksander Barkov wins face-off versus Ryan Malone in Kings zone.
10:35 of 3rd period - Brian Campbell is hit by Tyler Seguin.
10:49 of 3rd period - Wrist shot by Jason Spezza.
10:49 of 3rd period - Deflect By Milan Lucic.
10:49 of 3rd period - Stopped by Tuukka Rask without a rebound.
10:50 of 3rd period - Carl Soderberg wins face-off versus Jordan Staal in Kings zone.
11:01 of 3rd period - Wrist shot by Michael Frolik.
11:01 of 3rd period - Stopped by Tuukka Rask with a rebound.
11:03 of 3rd period - Snap shot by Charlie Coyle.
11:03 of 3rd period - Shot Misses the Net.
11:05 of 3rd period - Wrist shot by Jacob Trouba.
11:05 of 3rd period - Deflect By Jordan Staal.
11:05 of 3rd period - Shot Blocked by Ladislav Smid.
11:05 of 3rd period - Puck is out of play.
11:06 of 3rd period - Jordan Staal wins face-off versus Vladislav Namestnikov in Kings zone.
11:35 of 3rd period - Keith Yandle is hit by Charlie Coyle and loses puck.
12:09 of 3rd period - Icing by Ryan Johansen.
12:10 of 3rd period - Matt Cooke wins face-off versus Ryan Johansen in Kings zone.
12:33 of 3rd period - Snap shot by Mikael Backlund.
12:33 of 3rd period - Stopped by Tuukka Rask with a rebound.
13:02 of 3rd period - Wrist shot by Carl Soderberg.
13:02 of 3rd period - Stopped by Mike Smith without a rebound.
13:03 of 3rd period - Vladislav Namestnikov wins face-off versus Aleksander Barkov in Flames zone.
13:07 of 3rd period - Minor Penalty to TJ Brodie for Tripping.
13:08 of 3rd period - Mikael Backlund wins face-off versus Tyler Seguin in Flames zone.
13:27 of 3rd period - Wrist shot by Mikael Backlund.
13:27 of 3rd period - Shot Blocked by Duncan Keith.
13:29 of 3rd period - Slapshot by Chris Phillips.
13:29 of 3rd period - Stopped by Tuukka Rask without a rebound.
13:30 of 3rd period - Mikael Backlund wins face-off versus Ryan Johansen in Kings zone.
14:58 of 3rd period - Slapshot by Duncan Keith.
14:58 of 3rd period - Shot Misses the Net.
15:07 of 3rd period - Penalty to TJ Brodie is over, TJ Brodie is back on ice.
15:14 of 3rd period - Brian Campbell is hit by Cam Fowler.
15:24 of 3rd period - Slapshot by Jacob Trouba.
15:24 of 3rd period - Deflect By Cam Fowler.
15:24 of 3rd period - Stopped by Tuukka Rask with a rebound.
15:34 of 3rd period - Slapshot by Jason Pominville.
15:34 of 3rd period - Shot Misses the Net.
15:58 of 3rd period - Milan Lucic is hit by Michael Frolik and loses puck.
16:17 of 3rd period - Ladislav Smid is hit by Jordan Staal.
16:31 of 3rd period - John Erskine is hit by Justin Faulk and loses puck.
17:47 of 3rd period - Keith Yandle is hit by Jason Pominville and loses puck.
18:00 of 3rd period - Backhand shot by Keith Yandle.
18:00 of 3rd period - Stopped by Mike Smith with a rebound.
19:06 of 3rd period - Jordan Staal is hit by Duncan Keith and loses puck.
19:56 of 3rd period - Snap shot by Milan Lucic.
19:56 of 3rd period - Stopped by Mike Smith with a rebound.
19:58 of 3rd period - Slapshot by Cam Fowler.
19:58 of 3rd period - Shot Misses the Net.
Goals for this period are 0 for Flames vs 0 for Kings.
Shots for this period are 8 for Flames vs 5 for Kings.


Output by the SimonT Hockey Simulator (STHS) for Eric Dolegowski -- Original Page W3C XHTML 1.0 Valid
Hockey Simulator - Hockey Simulation - Hockey Manager